 Dungeon Sprint DCSS version 0.23.0 (webtiles) character file.

Game seed: 13950341840426505587

1092 Kairos the Protected (level 8, -4/72 HPs)
             Began as a Formicid Fighter on Feb 12, 2019.
             Slain by a yaktaur captain (17 damage)
             ... in the Dungeon (Sprint II: "The Violet Keep of Menkaure").
             The game lasted 00:02:13 (928 turns).

Kairos the Protected (Formicid Fighter)              Turns: 928, Time: 00:02:14

Health: -4/72      AC:  8    Str: 23    XL:     8   Next: 56%
Magic:  8/8        EV: 11    Int:  8    God:
Gold:   972        SH: 12    Dex: 10    Spells: 7/7 levels left

rFire    . . .     SeeInvis +   a - +0 quarterstaff
rCold    . . .     Gourm    .   c - +0 shield
rNeg     . . .     Faith    .   b - +0 scale mail
rPois    .         Spirit   .   (helmet unavailable)
rElec    .         Reflect  .   (no cloak)
rCorr    .         Harm     .   (no gloves)
MR       .....                  (no boots)
Stlth    ..........             (no amulet)
HPRegen  0.22/turn              (no ring)
MPRegen  0.11/turn              (no ring)

@: no status effects
A: permanent stasis, dig shafts and tunnels, four strong arms, antennae 3
a: Dig


You were in the Dungeon.
You were not hungry.

You visited 1 branch You collected 972 gold pieces.

Inventory:

Hand Weapons
 a - a +0 quarterstaff (weapon)
Armour
 b - a +0 scale mail (worn)
 c - a +0 shield (worn)
Scrolls
 k - a scroll of blinking
Potions
 e - a potion of curing
 h - a potion of haste
 i - 2 potions of magic
 j - a potion of berserk rage
Comestibles
 d - 4 chunks of flesh
 f - a ration


   Skills:
 + Level 9.9 Fighting
 + Level 9.1 Staves
 + Level 10.9 Armour
 + Level 1.9 Dodging
 + Level 10.6 Shields


You had 7 spell levels left.
You didn't know any spells.
Your spell library was empty.

Dungeon Overview and Level Annotations

Branches:
Dungeon (1/1)

Altars:

Annotations:
D exclusion: orange crystal statue, Kirke


Innate Abilities, Weirdness & Mutations

You cannot be hasted, slowed, berserked, paralysed or teleported.
You can dig through walls and to a lower floor.
Your four strong arms can wield two-handed weapons with a shield.
You have a pair of large antennae on your head. (SInv)


Message History

The orange crystal statue is engulfed in mutagenic fog.
You sock the yaktaur captain!
The yaktaur captain is moderately wounded.
You block the yaktaur captain's attack.
The orange crystal statue is engulfed in mutagenic fog.
You hit the yaktaur captain but do no damage.
The yaktaur captain is moderately wounded.
The yaktaur captain hits you!
* * * LOW HITPOINT WARNING * * *
The orange crystal statue is engulfed in mutagenic fog.
You completely miss the yaktaur captain.
The yaktaur captain is moderately wounded.
You block the yaktaur captain's attack.
The orange crystal statue is engulfed in mutagenic fog.
You hit the yaktaur captain.
The yaktaur captain is heavily wounded.
You hit the yaktaur captain.
The yaktaur captain is heavily wounded.
The yaktaur captain hits you!
You die...

.#≈≈####.@.####..##
.#≈##.###{###.##..# {
.#≈###.##.##...#..#{ .+
+.##'c<.'.##'..#
.#≈#...##(##...#....#
##≈##.###{###.##......≈
≈≈####.#{####≈≈.....≈#
≈≈≈#.###c# ≈≈≈≈≈..≈# {
#≈##.#@## ≈≈≈≈≈≈≈.≈#
{#≈≈##'##≈≈≈≈≈≈≈§≈≈≈#
#≈≈≈≈≈≈≈≈≈≈§≈≈≈≈≈≈
#+++#+++#≈≈§ §§§≈
≈§§§≈§≈ ≈§§8§§≈≈≈+
§§≈§§§§§§## ##§§≈§≈§§##


You could see a yaktaur captain and an orange crystal statue.

Vanquished Creatures
  A merfolk siren (D)
  2 hippogriffs (D)
  4 necrophages (D)
  A crocodile (D)
  3 worms (D)
11 creatures vanquished.

Vanquished Creatures (others)
  Menkaure (D)
  A crocodile (D)
2 creatures vanquished.

Grand Total: 13 creatures vanquished

Notes
Turn   | Place    | Note
-------+----------+-------------------------------------------
     0 | D        | Kairos the Formicid Fighter began the quest for the Orb.
     0 | D        | Reached XP level 1. HP: 18/18 MP: 1/1
     3 | D        | Noticed a hippogriff
     3 | D        | Noticed a hippogriff
    20 | D        | Reached XP level 2. HP: 1/25 MP: 2/2
    20 | D        | Killed a crocodile
   144 | D        | Killed Menkaure
   324 | D        | Noticed a merfolk siren
   333 | D        | Killed a merfolk siren
   333 | D        | Reached skill level 5 in Staves
   333 | D        | Reached XP level 3. HP: 31/37 MP: 3/3
   333 | D        | Reached XP level 4. HP: 37/44 MP: 4/4
   333 | D        | Reached XP level 5. HP: 41/49 MP: 5/5
   333 | D        | Reached XP level 6. HP: 47/56 MP: 6/6
   348 | D        | Noticed a necrophage
   348 | D        | Noticed a necrophage
   348 | D        | Noticed a necrophage
   348 | D        | Noticed a necrophage
   357 | D        | Killed a necrophage
   357 | D        | Reached XP level 7. HP: 50/62 MP: 7/7
   371 | D        | Reached skill level 10 in Armour
   613 | D        | Killed a hippogriff
   613 | D        | Reached skill level 1 in Dodging
   613 | D        | Reached skill level 10 in Shields
   613 | D        | Reached XP level 8. HP: 55/70 MP: 8/8
   622 | D        | Killed a hippogriff
   863 | D        | Noticed an orange crystal statue
   896 | D        | Noticed Kirke
   896 | D        | Noticed a skeletal warrior
   896 | D        | Noticed a yaktaur captain
   896 | D        | Noticed a kobold demonologist
   928 | D        | Slain by a yaktaur captain

Skill      XL: |  1  2  3  4  5  6  7  8 |
---------------+-------------------------+-----
Shields        | 4 8 10 | 10.6
Armour         | 4 9 10 | 10.9
Fighting       | 8 9 |  9.9
Staves         | 5 6 8 9 |  9.1
Dodging        | 1 |  1.9

Action                   |  1- 3 |  4- 6 |  7- 9 || total
-------------------------+-------+-------+-------++-------
Melee: Quarterstaff      |    19 |     8 |    55 ||    82
  Use: Potion            |     1 |       |     1 ||     2
Armor: Scale mail        |       |     2 |    17 ||    19
Dodge: Dodged            |     1 |     1 |    13 ||    15
Block: Shield            |     2 |     2 |    36 ||    40
